 Dungeon Crawl Stone Soup version 0.27.1-3-gb3d3a73c9e (webtiles) character file.

Game seed: 15116735563464775187

239 khargal the Poker (level 5, 0/41 HPs)
             Began as a Demonspawn Monk on Oct 19, 2021.
             Slain by a gnoll (2 damage)
             ... on level 4 of the Dungeon.
             The game lasted 00:06:43 (4396 turns).

khargal the Poker (Demonspawn Monk)                 Turns: 4396, Time: 00:06:44

Health: 0/41       AC:  5    Str: 13    XL:     5   Next: 79%
Magic:  5/5        EV: 12    Int: 11    God:
Gold:   162        SH:  0    Dex: 15    Spells: 4/4 levels left

rFire    . . .     SeeInvis .   a - +1 spear
rCold    . . .     Faith    .   (no shield)
rNeg     . . .     Spirit   .   o - +0 leather armour
rPois    .         Reflect  .   (no helmet)
rElec    .         Harm     .   i - scarf {+Inv}
rCorr    .         Rampage  .   (no gloves)
Will     .....                  (no boots)
Stlth    ++........             (no amulet)
HPRegen  0.13/turn              (no ring)
MPRegen  0.09/turn              (no ring)

@: no status effects
A: hooves 1, molten scales 1, foul stench 1, powered by pain 1
a: Evoke Invisibility


You were on level 4 of the Dungeon.
You visited 1 branch of the dungeon, and saw 4 of its levels.

You collected 162 gold pieces.

Inventory:

Hand Weapons
 a - a +1 spear (weapon)
Missiles
 n - 2 throwing nets (quivered)
 r - 6 javelins
Armour
 b - a +0 robe
 i - a scarf of invisibility (worn)
 m - a +0 scale mail
 o - a +0 leather armour (worn)
 q - a +0 kite shield
Scrolls
 c - a scroll of teleportation
 d - a scroll of enchant weapon
 e - a scroll of enchant armour {unknown}


   Skills:
 + Level 3.5 Fighting
 * Level 4.3 Polearms
 + Level 1.3 Armour
 + Level 3.2 Dodging
 + Level 3.3 Stealth


You had 4 spell levels left.
You didn't know any spells.
Your spell library contained the following spells:

 Spells                   Type           Power      Damage    Failure   Level
 Summon Small Mammal      Summ           0%         N/A       41%         1
 Blink                    Tloc           N/A        N/A       56%         2
 Call Canine Familiar     Summ           0%         N/A       80%         3
 Gell's Gravitas          Tloc           0%         N/A       80%         3
 Lesser Beckoning         Tloc           0%         N/A       80%         3
 Ozocubu's Armour         Ice            0%         N/A       80%         3
 Portal Projectile        Hex/Tloc       0%         N/A       80%         3
 Summon Guardian Golem    Hex/Summ       0%         N/A       80%         3
 Teleport Other           Tloc           0%         N/A       80%         3
 Leda's Liquefaction      Hex/Erth       0%         N/A       99%         4
 Manifold Assault         Tloc           0%         N/A       100%        5
 Ozocubu's Refrigeration  Ice            0%         4d5       100%        7
 Storm Form               Tmut/Air       0%         N/A       100%        7


Dungeon Overview and Level Annotations

Branches:
Dungeon (4/15)
 Temple: D:4-7

Altars:
Gozag


Innate Abilities, Weirdness & Mutations

You have large cloven feet.
You are partially covered in molten scales. (AC +2)
You may rarely emit foul miasma when damaged in melee.
You sometimes gain a little power by taking damage.


Message History

You are too injured to fight recklessly!
You are too injured to fight recklessly!
You are too injured to fight recklessly!
You are too injured to fight recklessly!
You are too injured to fight recklessly!
You are too injured to fight recklessly!
You are too injured to fight recklessly!
You are too injured to fight recklessly!
You are too injured to fight recklessly!
You are too injured to fight recklessly!
You are too injured to fight recklessly!
You are too injured to fight recklessly!
You are too injured to fight recklessly!
You are too injured to fight recklessly!
You barely miss the gnoll.
The gnoll is moderately wounded.
The gnoll barely misses you.
You hit the gnoll. You kick the gnoll.
The gnoll is severely wounded.
The gnoll closely misses you. x2; The gnoll hits you with a +0 whip.
* * * LOW HITPOINT WARNING * * *
You emit a cloud of foul miasma!
You feel better. The gnoll hits you but does no damage.
The gnoll barely misses you.
The gnoll hits you from afar with a +0 spear.
The gnoll is engulfed in dark miasma.
The gnoll is poisoned.
The gnoll hits you with a +0 whip.
* * * LOW HITPOINT WARNING * * *
You hit the gnoll. You kick the gnoll.
The gnoll is severely wounded.
The gnoll hits you from afar with a +0 spear.
* * * LOW HITPOINT WARNING * * *
The gnoll hits you with a +0 club.
* * * LOW HITPOINT WARNING * * *
You emit a cloud of foul miasma!
The gnoll hits you from afar with a +0 spear.
* * * LOW HITPOINT WARNING * * *
The gnoll is engulfed in dark miasma.
The gnoll looks even sicker.
The gnoll hits you with a +0 whip.
You die...

#####.# #.###.#### #.5.#.#
#.#......# ##.#.#.#
#.#.#.##.#
...#.#.########..)#.##.#
...g.........###.)..##.#
..............##.#####.######
......#.......##.# #...†..#
........>.....##g# ######.#
......#.......gg@# #.#
......#.......g### #.#####
##..###......#.# #...... ##.#
#......#.# #####.# #.#
########.. #<# #.# ##.# ###
.# .. #.


You could see 4 gnolls.

Vanquished Creatures
  A hound (D:3)
  An orc priest (D:3)
  Natasha (twice) (D:4)
  4 gnolls (D:3)
  An adder (D:4)
  2 worms
  A dart slug (D:1)
  7 orcs
  8 endoplasms
  3 giant cockroaches
  6 goblins
  7 hobgoblins
  2 jackals (D:2)
  2 quokkas
  2 ball pythons (D:2)
  5 bats
  A frilled lizard (D:1)
  4 kobolds
  11 rats
70 creatures vanquished.

Notes
Turn   | Place    | Note
-------+----------+-------------------------------------------
     0 | D:1      | khargal the Demonspawn Monk began the quest for the Orb.
     0 | D:1      | Reached XP level 1. HP: 18/18 MP: 1/1
   389 | D:1      | Gained mutation: You have large cloven feet. [demonic
                  | ancestry]
   389 | D:1      | Reached XP level 2. HP: 24/24 MP: 2/2
   584 | D:1      | Reached skill level 3 in Polearms
  1411 | D:2      | Found an opulent altar of Gozag.
  1495 | D:2      | Gained mutation: You are partially covered in molten
                  | scales. (AC +2) [demonic ancestry]
  1495 | D:2      | Reached XP level 3. HP: 12/29 MP: 3/3
  2806 | D:3      | Gained mutation: You sometimes gain a little power by
                  | taking damage. [demonic ancestry]
  2806 | D:3      | Reached XP level 4. HP: 31/35 MP: 4/4
  3476 | D:3      | Gained mutation: You may rarely emit foul miasma when
                  | damaged in melee. [demonic ancestry]
  3476 | D:3      | Reached XP level 5. HP: 41/41 MP: 5/5
  3566 | D:3      | Found a faded altar of an unknown god.
  3584 | D:3      | Reached skill level 4 in Polearms
  4271 | D:4      | Reached skill level 1 in Armour
  4307 | D:4      | Noticed Natasha
  4315 | D:4      | Killed Natasha
  4355 | D:4      | Noticed Natasha
  4386 | D:4      | Killed Natasha
  4396 | D:4      | HP: 2/41 [gnoll (3)]
  4396 | D:4      | Slain by a gnoll

Illustrated notes

Levels and vault maps discovered:
D:1:      amcnicky_arrival_single_pillar, layout_basic
D:2:      layout_loops_corners, basic_altar, minmay_rat_gold_closets
D:3:      layout_loops_corners, ebering_ecumenical_altar_rust,
          chequers_serial_rivers_small_b
D:4:      cheibrodos_pilgrimage, layout_basic, serial_shops,
          nicolae_stop_n_shop_1, uniq_natasha, uniq_eustachio,
          uniq_crazy_yiuf_cottage

Skill      XL: |  1  2  3  4  5 |
---------------+----------------+-----
Stealth        | 2 3 |  3.3
Polearms       | 3 4 |  4.3
Dodging        | 3 |  3.2
Armour         | 1 |  1.3
Fighting       | |  3.5

Action                   |  1- 3 |  4- 6 || total
-------------------------+-------+-------++-------
Melee: Spear             |   142 |   126 ||   268
       Kick              |    18 |    30 ||    48
  Use: Scroll            |       |     9 ||     9
       Potion            |       |     1 ||     1
 Stab: Sleeping          |    18 |     3 ||    21
Armor: Robe              |    10 |       ||    10
       Scale mail        |     3 |    18 ||    21
       Leather armour    |       |    12 ||    12
Dodge: Dodged            |    53 |    57 ||   110
